 Dungeon Crawl Stone Soup version 0.23.2-40-g277498a (webtiles) character file.

Game seed: 17050378580076374009

4434 Aphrodieselac the Spear-Bearer (level 10, -9/67 HPs)
             Began as a Merfolk Skald on Aug 27, 2019.
             Was a High Priest of Okawaru.
             Mangled by a yak (11 damage)
             ... on level 8 of the Dungeon on Aug 28, 2019.
             The game lasted 00:45:20 (8826 turns).

Aphrodieselac the Spear-Bearer (Merfolk Skald)      Turns: 8826, Time: 00:45:20

Health: -9/67      AC:  7    Str: 14    XL:     10   Next: 36%
Magic:  13/13      EV: 11    Int: 17    God:    Okawaru [*****.]
Gold:   467        SH:  0    Dex: 14    Spells: 3/13 levels left

rFire    . . .     SeeInvis .   C - +8 trident "Yngaet" {pierce, rPois rN+}
rCold    . . .     Gourm    .   (no shield)
rNeg     + . .     Faith    .   h - +0 ring mail
rPois    +         Spirit   .   p - +0 helmet
rElec    .         Reflect  .   (no cloak)
rCorr    .         Harm     .   H - +0 pair of gloves
MR       .....                  (no boots)
Stlth    +.........             G - amulet of magic regeneration
HPRegen  0.21/turn              M - ring of poison resistance
MPRegen  0.38/turn              F - +4 ring of intelligence

@: about to teleport, singing
A: change form in water, swift swim, stealthy swim
a: Heroism, Finesse, Renounce Religion


You were on level 8 of the Dungeon.
You worshipped Okawaru.
Okawaru was extremely pleased with you.
You were not hungry.

You visited 3 branches of the dungeon, and saw 11 of its levels.

You collected 467 gold pieces.

Inventory:

Hand Weapons
 a - a +0 spear
 q - a +0 hunting sling
 C - the +8 trident "Yngaet" (weapon) {pierce, rPois rN+}
   (You found it on level 5 of the Dungeon)

   It inflicts extra damage upon your enemies.
   It protects you from poison.
   It protects you from negative energy.
Missiles
 k - 69 sling bullets
 w - 3 tomahawks of dispersal
 z - 8 tomahawks (quivered)
 I - 48 poisoned needles
Armour
 b - a +0 leather armour
 h - a +0 ring mail (worn)
 p - a +0 helmet (worn)
 H - a +0 pair of gloves (worn)
Jewellery
 o - an uncursed ring of flight
 A - an uncursed amulet of faith
 F - a +4 ring of intelligence (right hand)
 G - an amulet of magic regeneration (around neck)
 M - a ring of poison resistance (left hand)
Wands
 r - a wand of flame (17)
 E - a wand of acid (8)
 L - a wand of digging (6)
 P - a wand of iceblast (9)
 Q - a wand of paralysis (5)
 S - a wand of polymorph (5)
Scrolls
 e - 2 scrolls of amnesia {unknown}
 f - 3 scrolls of identify
 i - 7 scrolls of remove curse
 l - 4 scrolls of teleportation
 s - 2 scrolls of enchant armour {unknown}
 v - a scroll of blinking {unknown}
 y - a scroll of magic mapping {unknown}
 D - a scroll of fear {unknown}
 J - a scroll of random uselessness {unknown}
 O - a scroll of noise {unknown}
 R - a scroll of enchant weapon {unknown}
 U - a scroll of summoning {unknown}
Potions
 c - 2 potions of curing {unknown}
 g - 2 potions of mutation
 j - a potion of heal wounds
 m - a potion of invisibility {unknown}
 n - a potion of berserk rage {unknown}
 t - 2 potions of might
 u - 3 potions of magic
 x - 2 potions of haste {unknown}
 B - a potion of agility
 K - a potion of lignification {unknown}
 N - a potion of ambrosia {unknown}
Comestibles
 d - 6 rations


   Skills:
 - Level 2.1 Fighting
 * Level 14.8 Polearms
 - Level 0.6 Armour
 - Level 2.6 Dodging
 - Level 2.0 Spellcasting
 - Level 11.4 Charms


You had 3 spell levels left.
You knew the following spells:

 Your Spells              Type           Power        Failure   Level  Hunger
a - Infusion              Chrm           ####         1%          1    #......
b - Song of Slaying       Chrm           #####...     1%          2    ###....
c - Shroud of Golubria    Chrm/Tloc      ###.......   6%          2    ###....
d - Blink                 Tloc           N/A          52%         2    ###....
e - Spectral Weapon       Hex/Chrm       ###.....     12%         3    ###....

Your spell library contained the following spells:

 Spells                   Type           Power        Failure   Level  Hunger
 Regeneration             Chrm/Necr      ###.......   12%         3    ###....
 Magic Dart               Conj           #...         36%         1    #......
 Call Imp                 Summ           #.......     52%         2    ###....
 Slow                     Hex            #.......     52%         2    ###....
 Conjure Flame            Conj/Fire      #.......     75%         3    ###....
 Mephitic Cloud           Conj/Pois/Air  #.......     75%         3    ###....


Dungeon Overview and Level Annotations

Branches:
Dungeon (9/15)             Temple (1/1) D:4            Lair (1/6) D:8
    Orc: D:9-12

Altars:
Ashenzari
Cheibriados
Dithmenos
Elyvilon
Gozag
Hepliaklqana
Kikubaaqudgha
Makhleb
Nemelex Xobeh
Okawaru
Qazlal
Ru
Trog
Uskayaw
Xom
Yredelemnul
Zin
The Shining One

Shops:
D:5 !

Annotations:
Lair:1 Grum


Message History

Your shroud bends the wolf's attack away.
The yak gores you but does no damage. The yak gores you.
Your shroud falls apart!
The yak gores you. The wolf bites you. The yak barely misses you.
The yak gores you! x2
There is a staircase back to the Dungeon, spattered with blood here.
The wolf misses you. The wolf bites you. The bullfrog closely misses you.
The yak closely misses you. The yak gores you but does no damage.
The wolf bites you.
* * * LOW HITPOINT WARNING * * *
The yak barely misses you. The wolf misses you. The yak gores you!
* * * LOW HITPOINT WARNING * * *
You climb upwards.
Welcome back to the Dungeon!
There is a staircase to the Lair, spattered with blood here.
As you read the scroll labeled JYSUIGINYG, it crumbles to dust.
You feel strangely unstable.
It was a scroll of teleportation.
The bullfrog hits the fungus.
The wolf bites you.
* * * LOW HITPOINT WARNING * * *
The yak gores you!
You die...

.....### ##.P.)......##########
...#######....P.P.P...##......#
####........PP..P.P.PP##.####.#
#>######.P.P..PP.PP...#.####.#
#.###.##..PPP.P..PPP......##.#
#.##.....PPPPP.P.P..P...#.##.#
#.###.#.P..PPYPP.PP.P...#.##.#
#.# #)#P.P.P.PhPPP.PP.P......#
#.###.#..P.P..Y@PPP.P...#.####
#......P..PPPPPYPF.PPP.##.#
#.#####P.P..P.PPY......##.#
#.### #..PPPPPPPhP..P..##.#
#.#.####...PP....P.P....#.#
##....###..PPPPPP..P..P....#
.........'.P.PP..PP........#
##....####.P..PP.P..P.#...##
##..## ##.........P.#..##


You could see 4 yaks, 2 wolves and a bullfrog.

Vanquished Creatures
  A hippogriff (D:8)
  Sigmund (D:3)
  2 hungry ghosts
  A sky beast (D:5)
  A porcupine (D:8)
  3 necrophages (D:9)
  2 orc warriors
  2 black bears (D:8)
  5 ogres
  2 wolves (D:8)
  A phantom (D:7)
  3 centaurs
  3 crocodiles (D:8)
  7 bullfrogs
  A big kobold (D:9)
  3 scorpions
  4 crimson imps
  2 quasits
  2 bullfrog skeletons
  2 orc priests
  A centaur skeleton (D:8)
  4 hounds
  7 orc wizards
  Terence (D:3)
  Natasha (thrice) (D:2)
  5 worker ants
  A mummy (D:9)
  A howler monkey zombie (D:5)
  2 worker ant zombies
  Robin (D:2)
  11 adders
  2 howler monkey skeletons (D:6)
  A shadow imp (D:6)
  An ooze (D:1)
  4 adder zombies
  3 worms
  3 dart slugs
  6 leopard geckos
  24 orcs
  5 giant cockroaches
  9 hobgoblins
  11 jackals
  3 quokkas
  A ball python (D:2)
  9 bats
  3 frilled lizards (D:1)
  17 goblins
  A jackal zombie (D:9)
  14 kobolds
  A leopard gecko skeleton (D:4)
  9 rats
  A butterfly (D:4)
213 creatures vanquished.

Vanquished Creatures (others)
  3 fungi (D:8)
3 creatures vanquished.

Grand Total: 216 creatures vanquished

Notes
Turn   | Place    | Note
-------+----------+-------------------------------------------
     0 | D:1      | Aphrodieselac the Merfolk Skald began the quest for the
                  | Orb.
     0 | D:1      | Reached XP level 1. HP: 16/16 MP: 3/3
    80 | D:1      | Reached XP level 2. HP: 17/22 MP: 0/5
   209 | D:1      | Reached XP level 3. HP: 18/27 MP: 3/6
   505 | D:1      | Reached skill level 4 in Polearms
   598 | D:1      | Learned a level 2 spell: Song of Slaying
   601 | D:1      | Learned a level 2 spell: Shroud of Golubria
   604 | D:2      | Noticed Natasha
  1081 | D:2      | Reached XP level 4. HP: 25/33 MP: 0/7
  1389 | D:2      | Reached skill level 5 in Charms
  1473 | D:2      | Found a shadowy altar of Dithmenos.
  1476 | D:2      | Found a snail-covered altar of Cheibriados.
  1481 | D:2      | Found a hazy altar of Hepliaklqana.
  1481 | D:2      | Found a sparkling altar of Nemelex Xobeh.
  1509 | D:2      | Killed Natasha
  1953 | D:2      | Found a glowing golden altar of the Shining One.
  2080 | D:2      | Reached XP level 5. HP: 35/38 MP: 4/8
  2173 | D:2      | Noticed Robin
  2204 | D:2      | Killed Robin
  2245 | D:2      | Reached skill level 5 in Polearms
  2344 | D:2      | Noticed Natasha
  2352 | D:2      | Killed Natasha
  2400 | D:2      | Noticed Natasha
  2418 | D:2      | Killed Natasha
  2496 | D:3      | Noticed Terence
  2515 | D:3      | Killed Terence
  2515 | D:3      | Reached XP level 6. HP: 30/44 MP: 1/9
  2761 | D:3      | Found a white marble altar of Elyvilon.
  2829 | D:3      | Noticed Sigmund
  2875 | D:4      | Noticed a hungry ghost
  3035 | D:4      | Found a staircase to the Ecumenical Temple.
  3041 | Temple   | Entered the Ecumenical Temple
  3061 | Temple   | Became a worshipper of Warmaster Okawaru
  3357 | D:4      | Learned a level 2 spell: Blink
  3544 | D:4      | Reached skill level 6 in Polearms
  3604 | D:5      | Entered Level 5 of the Dungeon
  3906 | D:5      | HP: 2/44 [orc priest/nerve-wracking pain (10)]
  4213 | D:4      | Reached XP level 7. HP: 50/50 MP: 10/10
  4602 | D:4      | Killed a hungry ghost
  4602 | D:4      | Reached * piety under Okawaru
  4745 | D:5      | Learned a level 3 spell: Spectral Weapon
  4762 | D:5      | Reached skill level 7 in Polearms
  4927 | D:5      | Got a shimmering trident
  4941 | D:5      | Identified the +8 trident "Yngaet" {pierce, rPois rN+} (You
                  | found it on level 5 of the Dungeon)
  5327 | D:5      | Found Iwof's Distillery.
  5501 | D:5      | Reached XP level 8. HP: 52/56 MP: 6/11
  5752 | D:6      | Reached ** piety under Okawaru
  5752 | D:6      | Reached skill level 8 in Polearms
  6039 | D:6      | Found a shattered altar of Ashenzari.
  6078 | D:6      | Reached skill level 9 in Polearms
  6149 | D:6      | Found a hide-covered altar of Uskayaw.
  6163 | D:6      | Reached skill level 10 in Charms
  6165 | D:6      | Reached *** piety under Okawaru
  6497 | D:3      | Killed Sigmund
  6497 | D:3      | Reached XP level 9. HP: 47/61 MP: 9/12
  6777 | D:7      | Reached skill level 10 in Polearms
  6977 | D:7      | Reached **** piety under Okawaru
  7335 | D:8      | Reached skill level 11 in Polearms
  7528 | D:8      | Reached skill level 12 in Polearms
  7537 | D:8      | Found a staircase to the Lair.
  7562 | D:8      | Reached skill level 13 in Polearms
  7564 | D:8      | Reached XP level 10. HP: 52/67 MP: 11/13
  7814 | D:8      | Reached ***** piety under Okawaru
  8070 | D:8      | Reached skill level 14 in Polearms
  8518 | D:9      | HP: 2/67 [something (6)]
  8801 | Lair:1   | Entered Level 1 of the Lair of Beasts
  8804 | Lair:1   | Noticed a spiny frog
  8804 | Lair:1   | Noticed Grum
  8826 | D:8      | HP: 2/67 [wolf[Grum] (4)]
  8826 | D:8      | Mangled by a yak

Skill      XL: |  1  2  3  4  5  6  7  8  9 10 |
---------------+-------------------------------+-----
Charms         | 4 5 6 7 8 10 11 | 11.4
Polearms       | 4 5 6 7 9 13 14 | 14.8
Fighting       | |  2.1
Armour         | |  0.6
Dodging        | |  2.6
Spellcasting   | |  2.0

Action                   |  1- 3 |  4- 6 |  7- 9 | 10-12 || total
-------------------------+-------+-------+-------+-------++-------
Melee: Spear             |   171 |   263 |    91 |       ||   525
       Trident           |       |       |   223 |    77 ||   300
Throw: Tomahawk          |       |     3 |       |       ||     3
 Cast: Infusion          |     9 |    15 |     7 |     2 ||    33
       Shroud of Golubri |       |     9 |    13 |     4 ||    26
       Song of Slaying   |       |     1 |     7 |     2 ||    10
Evoke: Wand              |       |       |     2 |       ||     2
  Use: Potion            |       |     1 |       |     2 ||     3
       Scroll            |       |       |     7 |     1 ||     8
 Stab: Distracted        |     1 |       |       |       ||     1
       Sleeping          |     1 |       |       |       ||     1
  Eat: Chunk             |     1 |    11 |     8 |     5 ||    25
       Ration            |       |       |     2 |       ||     2
Armor: Leather armour    |    27 |    33 |       |       ||    60
       Ring mail         |       |       |    70 |    17 ||    87
Dodge: Dodged            |    80 |   103 |   110 |    23 ||   316
